 Dungeon Crawl Stone Soup version 0.22.0 (webtiles) character file.

362 MTVSty1e the Chopper (level 6, -4/40 HPs)
             Began as a Gargoyle Monk on Aug 11, 2018.
             Slain by a gnoll
             ... wielding a +0 halberd
              (8 damage)
             ... on level 4 of the Dungeon.
             The game lasted 00:05:57 (4375 turns).

MTVSty1e the Chopper (Gargoyle Monk)                Turns: 4375, Time: 00:05:58

Health: -4/40      AC: 15    Str: 22    XL:     6   Next: 66%
Magic:  6/6        EV:  7    Int: 10    God:
Gold:   264        SH:  0    Dex: 12    Spells: 5/5 levels left

rFire    . . .     SeeInvis .   a - +0 hand axe
rCold    . . .     Gourm    .   (no shield)
rNeg     + . .     Faith    .   d - +0 plate armour
rPois    ∞         Spirit   .   h - +0 hat
rElec    +         Reflect  .   j - +0 cloak (curse)
rCorr    .         Harm     .   (no gloves)
MR       .....                  (no boots)
Stlth    ..........             (no amulet)
HPRegen  0.13/turn              (no ring)
MPRegen  0.10/turn              (no ring)

@: mighty
A: negative energy resistance 1, electricity resistance, unbreathing,
petrification resistance, rot immunity, AC +4
a: no special abilities


You were on level 4 of the Dungeon.
You were not hungry.

You visited 1 branch of the dungeon, and saw 4 of its levels.

You collected 264 gold pieces.

Inventory:

Hand Weapons
 a - a +0 hand axe (weapon)
Armour
 d - a +0 plate armour (worn)
 h - a +0 hat (worn)
 j - a cursed +0 cloak (worn)
Scrolls
 e - 5 scrolls of remove curse {unknown}
 i - 6 scrolls of teleportation {unknown}
 n - 2 scrolls of magic mapping {unknown}
 o - 6 scrolls of identify {unknown}
 r - a scroll of blinking {unknown}
Potions
 f - 2 potions of brilliance
 k - 3 potions of haste {unknown}
 l - 2 potions of berserk rage {unknown}
 m - a potion of ambrosia {unknown}
 p - 2 potions of magic {unknown}
 t - 3 potions of heal wounds {unknown}
Comestibles
 c - 5 rations


   Skills:
 + Level 5.2 Fighting
 * Level 5.6 Axes
 - Level 2.4 Dodging
 - Level 2.1 Stealth


You had 5 spell levels left.
You didn't know any spells.
Your spell library contained the following spells:

 Spells                   Type           Power        Failure   Level  Hunger
 Confuse                  Hex            #.......     100%        3    ####...
 Tukima's Dance           Hex            #.......     100%        3    ####...
 Confusing Touch          Hex            #.....       100%        1    ##.....
 Ensorcelled Hibernation  Hex/Ice        #.....       100%        2    ###....
 Metabolic Englaciation   Hex/Ice        #.........   100%        5    ######.
 Corona                   Hex            #......      100%        1    ##.....
 Petrify                  Tmut/Erth      #.......     100%        4    #####..
 Dazzling Spray           Conj/Hex       #.....       100%        3    ####...
 Gell's Gravitas          Tloc           #.........   100%        3    ####...
 Yara's Violent Unravell  Hex/Tmut       #.........   100%        5    ######.


Dungeon Overview and Level Annotations

Branches:
Dungeon (4/15)
 Temple: D:4-7

Altars:
Dithmenos
Fedhas
Okawaru

Shops:
D:4 [

Annotations:
D:4 Ijyb


Innate Abilities, Weirdness & Mutations

You are resistant to torment.
Your stone body is resilient. (AC +4)
You are immune to poison.
You resist negative energy. (rN+)
You are resistant to electric shocks. (rElec)
You can survive without breathing.
You are immune to petrification.
You are immune to rotting.


Message History

The gnoll is severely wounded.
The gnoll closely misses you. The gnoll barely misses you.
You closely miss the gnoll.
The gnoll is severely wounded.
The gnoll barely misses you. The gnoll hits you but does no damage.
You slash the gnoll!
You kill the gnoll!
You closely miss the gnoll.
The gnoll is heavily wounded.
The gnoll hits you but does no damage. The gnoll hits you with a flail!
* * * LOW HITPOINT WARNING * * *
As you read the scroll labeled XILISILELE, it crumbles to dust.
It is a scroll of amnesia.
You feel forgetful for a moment. The gnoll hits you but does no damage.
The gnoll barely misses you.
There is a stone staircase leading up here.
The gnoll hits you with a flail.
* * * LOW HITPOINT WARNING * * *
The gnoll hits you from afar with a halberd!
You die...

## ..............)...#
# .#
..........###.#.#.# #
.## ##.......# ##.#.##
# ..## ######.....#
#.###.# # ...#
######..#.......#
##.#.## # #'###
................#
#.#.#.# #
....#####.............#
##.#.## #
.⌠....##.....>....##..#
#.###.# #
P....#........gg@###..#
##.#.## #
._._##.........### #.#
#.#.#.# #
#..P#.........## ##
##.#.## #####........##
#.###.# ..# ###....g.#
##.#.## ..# ##.....#
#.#.#.# ..# ##...####
##.#.## ..# ##...##
#.###.# g.###....#####
##.#.##


You could see Ijyb and 2 gnolls.

Vanquished Creatures
  Edmund (D:4)
  A howler monkey (D:4)
  Crazy Yiuf (D:2)
  6 gnolls
  3 adders
  6 oozes (D:1)
  A dart slug (D:1)
  4 leopard geckos
  2 ball pythons
  7 giant cockroaches (D:1)
  4 goblins
  3 hobgoblins (D:3)
  12 jackals
  5 bats
  3 frilled lizards
  4 kobolds
  15 rats
78 creatures vanquished.

Notes
Turn   | Place    | Note
-------+----------+-------------------------------------------
     0 | D:1      | MTVSty1e the Gargoyle Monk began the quest for the Orb.
     0 | D:1      | Reached XP level 1. HP: 14/14 MP: 1/1
     1 | D:1      | Found a runed door.
   411 | D:1      | Reached XP level 2. HP: 19/19 MP: 2/2
  1362 | D:1      | Reached XP level 3. HP: 17/24 MP: 3/3
  1419 | D:1      | Reached XP level 4. HP: 14/29 MP: 4/4
  1716 | D:2      | Found a runed door.
  1774 | D:2      | Noticed Crazy Yiuf
  1789 | D:2      | Killed Crazy Yiuf
  2736 | D:3      | Reached XP level 5. HP: 34/34 MP: 5/5
  3452 | D:4      | Found a blossoming altar of Fedhas.
  3453 | D:4      | Found an iron altar of Okawaru.
  3514 | D:4      | Noticed Edmund
  3552 | D:4      | Killed Edmund
  3552 | D:4      | Reached skill level 5 in Fighting
  3552 | D:4      | Reached skill level 5 in Axes
  3552 | D:4      | Reached XP level 6. HP: 9/40 MP: 6/6
  4305 | D:4      | Found a shadowy altar of Dithmenos.
  4317 | D:4      | Found Magug's Antique Armour Shop.
  4331 | D:4      | Noticed Ijyb
  4341 | D:4      | HP: 2/40 [gnoll/flail (8)]
  4375 | D:4      | Slain by a gnoll

Skill      XL: |  1  2  3  4  5 |
---------------+----------------+-----
Axes           | 3 4 5 |  5.6
Fighting       | 4 5 |  5.2
Dodging        | |  2.4
Stealth        | |  2.1

Action                   |  1- 3 |  4- 6 || total
-------------------------+-------+-------++-------
Melee: Hand axe          |   150 |   234 ||   384
  Use: Potion            |       |     6 ||     6
       Scroll            |       |     1 ||     1
  Eat: Ration            |     1 |     1 ||     2
       Chunk             |       |     5 ||     5
Armor: Plate armour      |   142 |   216 ||   358
       Robe              |     4 |       ||     4
Dodge: Dodged            |    52 |    80 ||   132
